 Dungeon Crawl Stone Soup version 0.18-a0-1060-g4fac74f (webtiles) character file.

125312 Duffy the Executioner (level 16, -3/146 HPs)
             Began as a Hill Orc Fighter on Jan 12, 2016.
             Was the Champion of the Shining One.
             Slain by a wolf spider (16 damage)
             ... on level 1 of the Spider Nest.
             The game lasted 00:54:45 (39434 turns).

Duffy the Executioner (Hill Orc Fighter)           Turns: 39434, Time: 00:54:46

Health: -3/146     AC: 24    Str: 21    XL:     16   Next: 95%
Magic:  16/16      EV: 10    Int:  8    God:    the Shining One [******]
Gold:   725        SH:  0    Dex: 15    Spells: 0 memorised, 15 levels left

rFire  . . .     SeeInvis .     a - +3 executioner's axe (freeze)
rCold  . . .     Gourm    .     j - +1 plate armour {MR+}
rNeg   + + +     Faith    +     (shield currently unavailable)
rPois  +         Spirit   .     A - +0 helmet
rElec  .         Dismiss  .     b - +1 cloak {rPois}
rCorr  .         Reflect  .     M - +2 pair of gloves
SustAt +         Harm     .     (no boots)
MR     +++..                    B - amulet of faith
Stlth  ..........               w - ring of protection from magic
                                y - ring of sustain attributes

@: lethally poisoned (-3 -> -5), about to teleport, glowing, extremely resistant
to hostile enchantments, extremely unstealthy
A: evolution 1
a: Divine Shield, Cleansing Flame, Summon Divine Warrior, Brand Weapon With Holy
Wrath, Renounce Religion


You were on level 1 of the Spider Nest.
You worshipped the Shining One.
The Shining One was exalted by your worship.
You were not hungry.

You visited 6 branches of the dungeon, and saw 28 of its levels.
You visited 1 bazaar.

You collected 2176 gold pieces.
You spent 1451 gold pieces at shops.


Innate Abilities, Weirdness & Mutations

You evolve.


   Skills:
 - Level 14.2 Fighting
 + Level 26.3 Axes
 - Level 13.2 Armour
 - Level 7.4 Dodging
   Level 3.2 Shields


You had 15 spell levels left.
You didn't know any spells.

Inventory:

Hand Weapons
 a - a +3 executioner's axe of freezing (weapon)
Missiles
 z - 39 tomahawks (quivered)
Armour
 b - a +1 cloak of poison resistance (worn)
 j - a +1 plate armour of magic resistance (worn)
 k - the +2 cloak of Parlour Games {rElec rF+ SInv}

   It protects you from fire.
   It insulates you from electricity.
   It lets you see invisible.
 A - a +0 helmet (worn)
 M - a +2 pair of gloves (worn)
 Y - a +1 plate armour of fire resistance
Jewellery
 q - an uncursed ring of magical power
 w - a ring of protection from magic (right hand)
 y - a ring of sustain attributes (left hand)
 B - an amulet of faith (around neck)
 U - an uncursed ring of flight
Wands
 e - a wand of digging (11/24)
 F - a wand of paralysis (15/24)
 V - a wand of digging (12/24)
 X - a wand of disintegration (11/24)
Scrolls
 h - 6 scrolls of enchant armour
 n - 6 scrolls of blinking
 o - 3 scrolls of fog
 r - 6 scrolls of teleportation
 t - 5 scrolls of recharging
 u - 5 scrolls of immolation
 x - 5 scrolls of magic mapping
 E - 8 scrolls of remove curse
 N - 2 scrolls of vulnerability
 R - 2 scrolls of summoning
 S - a scroll of fear
Potions
 d - 4 potions of might
 g - a potion of cancellation
 l - 14 potions of curing
 p - a potion of ambrosia
 C - 5 potions of agility
 D - 3 potions of lignification
 G - 4 potions of heal wounds
 H - a potion of flight {unknown}
 O - a potion of cure mutation {unknown}
 P - 3 potions of resistance
 Q - 5 potions of haste
 T - a potion of beneficial mutation {unknown}
 W - a potion of berserk rage
Books
 i - a book of Air
 I - a book of Spatial Translocations
 J - a book of Enchantments
Miscellaneous
 c - a fan of gales
Comestibles
 f - 20 bread rations
 m - 21 fruits
 s - 9 meat rations
 v - 14 royal jellies
 K - 9 beef jerkies
 L - a slice of pizza

Dungeon Overview and Level Annotations

Branches:
Dungeon (15/15)            Temple (1/1) D:5            Lair (8/8) D:11
 Shoals (0/4) Lair:5       Spider (1/4) Lair:6        Slime (0/6) Lair:7
    Orc (2/2) D:9             Elf (0/3) Orc:2        Vaults (0/5) D:13
 Depths (1/5) D:15

Altars:
Ashenzari
Cheibriados
Dithmenos
Elyvilon
Fedhas
Gozag
Kikubaaqudgha
Makhleb
Nemelex Xobeh
Okawaru
Pakellas
Qazlal
Ru
Sif Muna
Trog
Vehumet
Xom
Yredelemnul
Zin
The Shining One
Beogh
Jiyva

Shops:
D:6 }   D:9 ([   Orc:1 =[=   Orc:2 !*[=   Depths:1 (

Portals:
Hell: Depths:1

Annotations:
Lair:7 1 runed door


Message History

Your surroundings seem slightly different.
You feel sick.
A demonic crawler comes into view.
The demonic crawler gives a hideous shriek!
The jumping spider leaps!
The jumping spider pounces on you but does no damage.
The jumping spider bites you.
A wolf spider comes into view.
Read which item? (? for menu, Esc to quit)
As you read the scroll of teleportation, it crumbles to dust.
You feel strangely unstable.
You feel sick.
The wolf spider moves out of view.
The jumping spider barely misses you. The jumping spider misses you.
A redback and a torpor snail come into view.
You found a web!
You feel sick.
The torpor snail moves out of view.
The jumping spider leaps!
A redback comes into view.
A tarantella comes into view.
Your surroundings seem slightly different.
You feel sick. The demonic crawler hits you!
The demonic crawler completely misses you.
The demonic crawler closely misses you.
A redback comes into view.
Read which item? (? for menu, Esc to quit)
As you read the scroll of teleportation, it crumbles to dust.
You feel strangely unstable.
You feel sick. The wolf spider barely misses you.
The wolf spider bites you but does no damage.
The wolf spider barely misses you.
The wolf spider bites you but does no damage.
The demonic crawler completely misses you.
The demonic crawler hits you but does no damage. x2
The wolf spider hits you. The wolf spider bites you. The wolf spider hits you!
The wolf spider bites you.
The jumping spider leaps!
The redback bites you but does no damage.
The wolf spider hits you!
You die... .. #....# .# ....#..... .#. ss.. #........# .... ..#.. ....#.... ..... #.....###......##...# #.#.s#...#.#...#....# .....#..##.s...s..# ## #.....#.##ss@..# # ss#

..#.........sss#s#.#...#
#....$##..##.ss.^#..s###
# #...ss.##....s.^...#
#........#..0.#....
#.#.....#........#.
...##^#....##0.###..#
#... #.^.....##.. # #.#.
..##...#.#.#.


You could see 2 demonic crawlers, 2 wolf spiders, a jumping spider and 5
redbacks.

Action                   |  1- 3 |  4- 6 |  7- 9 | 10-12 | 13-15 | 16-18 || total
-------------------------+-------+-------+-------+-------+-------+-------++-------
Melee: War axe           |    92 |   201 |   143 |    15 |    36 |       ||   487
       Battleaxe         |       |       |   219 |   642 |   739 |       ||  1600
       Executioner's axe |       |       |       |       |   591 |   392 ||   983
Evoke: Wand              |       |       |       |       |     7 |       ||     7
  Use: Scroll            |       |       |    11 |     5 |    15 |     7 ||    38
       Potion            |       |       |     1 |     5 |     5 |       ||    11
 Stab: Petrified         |       |       |       |       |     2 |       ||     2
  Eat: Chunk             |     2 |     7 |    11 |    26 |    46 |     3 ||    95
       Beef jerky        |       |       |     2 |       |       |     4 ||     6
       Meat ration       |       |       |     2 |       |       |       ||     2
       Bread ration      |       |       |     1 |       |       |       ||     1
       Fruit             |       |       |       |     2 |       |       ||     2
       Pizza             |       |       |       |       |     8 |     5 ||    13

Notes
Turn   | Place    | Note
--------------------------------------------------------------
     0 | D:1      | Duffy the Hill Orc Fighter began the quest for the Orb.
     0 | D:1      | Reached XP level 1. HP: 19/19 MP: 1/1
    50 | D:1      | Found a shimmering altar of Xom.
    55 | D:1      | Reached skill level 3 in Axes
   170 | D:1      | Reached XP level 2. HP: 21/26 MP: 2/2
   369 | D:1      | Reached skill level 4 in Axes
   692 | D:1      | Reached XP level 3. HP: 31/31 MP: 3/3
  1152 | D:2      | Reached skill level 5 in Axes
  1422 | D:2      | Noticed Jessica
  1428 | D:2      | Killed Jessica
  1428 | D:2      | Reached XP level 4. HP: 39/39 MP: 4/4
  1452 | D:2      | Reached skill level 6 in Axes
  1550 | D:2      | Found a faded altar to an unknown god.
  1644 | D:2      | Found a burning altar of Makhleb.
  1684 | D:2      | Reached XP level 5. HP: 45/45 MP: 5/5
  1840 | D:3      | Reached skill level 7 in Axes
  2351 | D:3      | Reached skill level 8 in Axes
  2351 | D:3      | Reached XP level 6. HP: 51/51 MP: 6/6
  2997 | D:4      | Reached skill level 9 in Axes
  3529 | D:4      | Reached XP level 7. HP: 34/57 MP: 7/7
  3538 | D:4      | Reached skill level 10 in Axes
  3990 | D:4      | Reached skill level 11 in Axes
  4118 | D:5      | Entered Level 5 of the Dungeon
  4118 | D:5      | Noticed Prince Ribbit
  4146 | D:5      | Killed Prince Ribbit
  4146 | D:5      | Reached XP level 8. HP: 13/64 MP: 8/8
  4483 | D:5      | Found a staircase to the Ecumenical Temple.
  4491 | Temple   | Entered the Ecumenical Temple
  4499 | Temple   | Became a worshipper of the Shining One
  4568 | D:5      | Reached skill level 12 in Axes
  5348 | D:5      | Reached skill level 13 in Axes
  5587 | D:5      | Found a blossoming altar of Fedhas.
  5591 | D:5      | Found an oddly glowing altar of Pakellas.
  5707 | D:6      | Found Muolezey's Gadget Shoppe.
  5842 | D:6      | Found an oddly glowing altar of Pakellas.
  6031 | D:6      | Reached * piety under the Shining One
  6455 | D:7      | Reached XP level 9. HP: 66/70 MP: 9/9
  6496 | D:7      | Noticed Uberwunderbarhen's ghost (novice DEFE)
  6810 | D:8      | Found a white marble altar of Elyvilon.
  6874 | D:8      | Reached skill level 14 in Axes
  6874 | D:8      | Reached skill level 4 in Armour
  7215 | D:8      | Found a white marble altar of Elyvilon.
  7215 | D:8      | Found a bloodstained altar of Trog.
  7315 | D:8      | Reached skill level 5 in Armour
  7859 | D:9      | Noticed a troll
  7873 | D:8      | Killed a troll
  7873 | D:8      | Reached skill level 6 in Armour
  8005 | D:8      | Reached ** piety under the Shining One
  8565 | D:8      | Reached skill level 15 in Axes
  9035 | D:8      | Reached skill level 7 in Armour
  9086 | D:9      | Found Deewiclak's Weapon Emporium.
  9086 | D:9      | Found a staircase to the Orcish Mines.
  9089 | D:9      | Found Limacsu's Armour Emporium.
  9117 | D:9      | Reached XP level 10. HP: 74/77 MP: 10/10
  9473 | D:9      | Reached skill level 8 in Armour
 10033 | D:10     | Entered Level 10 of the Dungeon
 10051 | D:10     | Noticed a hill giant
 10063 | D:10     | Killed a hill giant
 10063 | D:10     | Reached skill level 16 in Axes
 10063 | D:10     | Reached skill level 9 in Armour
 10401 | D:10     | Reached *** piety under the Shining One
 10463 | D:10     | Noticed a hill giant
 10470 | D:10     | Killed a hill giant
 10689 | D:10     | Reached skill level 10 in Armour
 10819 | D:10     | Reached skill level 4 in Fighting
 10819 | D:10     | Reached XP level 11. HP: 67/84 MP: 11/11
 10922 | D:10     | Reached skill level 17 in Axes
 10937 | D:10     | Reached skill level 5 in Fighting
 11400 | D:10     | Reached skill level 6 in Fighting
 11481 | D:10     | Noticed an eight-headed hydra
 11492 | D:10     | Killed a one-headed hydra
 11741 | D:11     | Found a staircase to the Lair.
 11826 | D:11     | Noticed a brown ugly thing
 11826 | D:11     | Reached **** piety under the Shining One
 11827 | D:11     | Noticed a red ugly thing
 11846 | D:11     | Killed a brown ugly thing
 11846 | D:11     | Reached skill level 7 in Fighting
 11855 | D:11     | Killed a brown ugly thing
 12245 | D:11     | Reached skill level 8 in Fighting
 12264 | D:11     | Reached skill level 18 in Axes
 12796 | D:11     | Noticed Nergalle
 12848 | D:10     | Noticed a hill giant
 12857 | D:10     | Killed a hill giant
 12857 | D:10     | Reached skill level 9 in Fighting
 13023 | D:11     | Killed Nergalle
 13023 | D:11     | Reached XP level 12. HP: 101/104 MP: 12/12
 13703 | D:11     | Found a shattered altar of Ashenzari.
 13707 | D:11     | Saw a vision of the Shoals and the Spider Nest.
 13709 | D:11     | Reached ***** piety under the Shining One
 14340 | D:7      | Reached skill level 10 in Fighting
 14479 | D:7      | Found a sparkling altar of Nemelex Xobeh.
 14535 | D:7      | Killed Uberwunderbarhen's ghost
 14615 | D:7      | Noticed Sigmund
 14622 | D:7      | Killed Sigmund
 14642 | D:7      | Noticed Edmund
 14648 | D:7      | Killed Edmund
 14798 | D:9      | Bought a +2 pair of gloves for 247 gold pieces
 14798 | D:9      | Bought a +0 cloak for 67 gold pieces
 14870 | Lair:1   | Entered Level 1 of the Lair of Beasts
 15099 | Lair:1   | Reached skill level 19 in Axes
 15299 | Lair:1   | Reached skill level 1 in Dodging
 15791 | Lair:1   | Reached skill level 2 in Dodging
 16557 | Lair:2   | Reached skill level 3 in Dodging
 17145 | Lair:2   | Noticed an eight-headed hydra
 17153 | Lair:2   | Killed a three-headed hydra
 17153 | Lair:2   | Reached skill level 4 in Dodging
 17283 | Lair:2   | Reached XP level 13. HP: 105/115 MP: 13/13
 17285 | Lair:2   | Reached skill level 20 in Axes
 17643 | Lair:3   | Reached skill level 5 in Dodging
 18099 | Lair:3   | Noticed Urug
 18115 | Lair:3   | Killed Urug
 18497 | Lair:3   | Reached skill level 6 in Dodging
 19896 | Lair:4   | Reached skill level 7 in Dodging
 20905 | Lair:5   | Reached skill level 11 in Fighting
 21655 | Lair:5   | Found a staircase to the Shoals.
 22148 | Lair:5   | Found a runed door.
 22479 | Lair:6   | Reached skill level 11 in Armour
 22551 | Lair:6   | Found a hole to the Spider Nest.
 22594 | Lair:6   | Reached skill level 12 in Fighting
 23159 | Lair:6   | Reached XP level 14. HP: 126/126 MP: 14/14
 23511 | Lair:8   | Entered Level 8 of the Lair of Beasts
 24135 | Lair:7   | Reached skill level 12 in Armour
 24144 | Lair:7   | Reached skill level 13 in Fighting
 24322 | Lair:7   | Found a runed door.
 24323 | Lair:7   | Noticed an acid blob
 24325 | Lair:7   | Noticed an acid blob
 24327 | Lair:7   | Found a viscous altar of Jiyva.
 24327 | Lair:7   | Found a staircase to the Slime Pits.
 24327 | Lair:7   | Noticed an acid blob
 25800 | D:12     | Reached ****** piety under the Shining One
 26223 | D:13     | Reached skill level 13 in Armour
 26236 | D:13     | Reached skill level 14 in Fighting
 26273 | D:13     | Found a flickering gateway to a bazaar.
 26282 | Bazaar   | Entered a bazaar
 26398 | Bazaar   | Found Jenk's Assorted Antiques.
 26415 | Bazaar   | Found Paboud's Book Emporium.
 26432 | Bazaar   | Found Maf Jush's Magic Scroll Shoppe.
 26432 | Bazaar   | Found Kokhaff's Armour Emporium.
 26479 | Bazaar   | Bought a +1 cloak of poison resistance for 148 gold pieces
 26550 | Bazaar   | Bought a scroll of enchant armour for 82 gold pieces
 26550 | Bazaar   | Bought a scroll of blinking for 82 gold pieces
 26550 | Bazaar   | Bought a scroll of magic mapping for 38 gold pieces
 26550 | Bazaar   | Bought a scroll of identify for 22 gold pieces
 26550 | Bazaar   | Bought a scroll of magic mapping for 38 gold pieces
 26578 | Bazaar   | Bought a scroll of identify for 46 gold pieces
 26578 | Bazaar   | Bought a scroll of identify for 46 gold pieces
 28173 | D:14     | Noticed an orc warlord
 28198 | D:14     | Killed an orc warlord
 28198 | D:14     | Reached skill level 21 in Axes
 28225 | D:14     | Reached XP level 15. HP: 47/138 MP: 15/15
 30319 | Lair:8   | Reached skill level 22 in Axes
 31319 | Lair:8   | Reached skill level 23 in Axes
 32480 | Orc:1    | Entered Level 1 of the Orcish Mines
 32490 | Orc:1    | Noticed yogakurto's ghost (journeyman GrMo)
 32508 | Orc:1    | Killed yogakurto's ghost
 32603 | Orc:1    | Found Moschal's Jewellery Boutique.
 32604 | Orc:1    | Found Reonk's Armour Shoppe.
 32708 | Orc:1    | Noticed namelastname112's ghost (journeyman DrWz)
 33038 | Orc:1    | Killed namelastname112's ghost
 33288 | Orc:1    | Found Sesmap's Jewellery Boutique.
 33377 | Orc:2    | Entered Level 2 of the Orcish Mines
 33727 | Orc:2    | Found Enidwake's General Store.
 33772 | Orc:2    | Found Gouptaf's Distillery.
 34000 | Orc:2    | Found a roughly hewn altar of Beogh.
 34032 | Orc:2    | Paralysed by an orc sorcerer for 4 turns
 34076 | Orc:2    | Reached XP level 16. HP: 146/146 MP: 16/16
 34193 | Orc:2    | Reached skill level 24 in Axes
 34547 | Orc:2    | Found a staircase to the Elven Halls.
 35317 | Orc:2    | Found a roughly hewn altar of Beogh.
 35576 | Orc:2    | Found Cifaythu's Antique Armour Boutique.
 35614 | Orc:2    | Found Nirujus's Jewellery Emporium.
 35635 | Orc:2    | Gained mutation: You evolve. [a neqoxec]
 35952 | Orc:1    | Bought the +2 cloak of Parlour Games {rElec rF+ SInv} for 635 gold pieces
 36068 | D:15     | Entered Level 15 of the Dungeon
 36177 | D:15     | Found a burning altar of Makhleb.
 36237 | D:15     | Reached skill level 25 in Axes
 37044 | D:15     | Found a staircase to the Depths.
 37287 | D:13     | Found a gate to the Vaults.
 37623 | Depths:1 | Entered Level 1 of the Depths
 37623 | Depths:1 | Found Jaro's Antique Weapon Shop.
 37630 | Depths:1 | Found a gateway to Hell.
 37919 | Depths:1 | Reached skill level 26 in Axes
 38670 | Spider:1 | Entered Level 1 of the Spider Nest
 39434 | Spider:1 | Slain by a wolf spider

Vault maps used:
D:1:      ncdulo_watergridlock, moated_statue, xom_teletrap_fun
D:2:      ecumenical_altar_1, makhleb_heckhound_becter, uniq_jessica
D:3:      minmay_bad_closet
D:4:      first_bread
D:5:      nicolae_overflow_hidden_temple, minmay_temple_entry_grid,
          hangedman_abyss_or_decor_lesser_grid, uniq_prince_ribbit1
D:6:      serial_shops, nicolae_shop_temple_entry_statues_fountains, basic_altar
D:7:      lemuel_coloured_pillars_altar, grunt_livestock,
          sigmund_edmund_badplayer
D:8:      gammafunk_temple_overflow_wave, basic_altar,
          hangedman_abyss_or_decor_clamps
D:9:      minmay_thick_lines, orc_david_3
D:11:     minmay_lair_entry_lava, grunt_ashenzari_visionary, uniq_nergalle
D:13:     grunt_vaults_entry_tiered, serial_shops, bzr_entry_dummy
D:14:     minmay_textured_paths, bh_walls_and_bars, uniq_josephine
D:15:     grunt_enter_depths_snipers, serial_park_square1
Temple:   nicolae_temple_no_exploring_needed
Lair:1:   serial_bayou_shore_b, lemuel_fruit_tree, grunt_megastairs_1
Lair:2:   minmay_holes
Lair:3:   serial_bayou_lake_a, lemuel_fruit_fields, grunt_megastairs_4,
          uniq_urug
Lair:4:   special_room, grunt_megastairs_5
Lair:5:   kennysheep_abandoned_house, elwin_shoals_entry_rocks, pf_torpor_hydra
Lair:6:   nicolae_spider_entry_orb_guardian
Lair:7:   slime_altar_2
Lair:8:   minmay_lair_end_frog_pond
Spider:1: nicolae_spider_corner, hive_lemuel
Orc:1:    serial_shops, nicolae_shop_competitors_out_of_business, shop, shop
Orc:2:    pubby_orc_utopia
Depths:1: serial_shops, shop, minmay_misc_feat_doors, hell_entry,
          lemuel_flame_loot_1
Bazaar:   bazaar_short_row

Vanquished Creatures
  The ghost of namelastname112 the Covert, a journeyman DrWz of Gozag
  2 orc warlords
  A stone giant
  3 ettins
  2 vault guards
  An ogre mage
  A yaktaur captain
  8 hydras
  The ghost of yogakurto the Nimble, a journeyman GrMo of Dithmenos
  2 catoblepae
  3 death knights
  4 centaur warriors
  A deep troll earth mage
  A deep troll shaman
  8 death yaks Urug
  4 orc high priests Nergalle
  A fire crab
  3 skeletal warriors
  3 unseen horrors
  2 deep trolls
  5 orc knights
  9 hill giants
  The ghost of Uberwunderbarhen the Arsonist, a novice DEFE of Vehumet
  3 wizards
  A wolf spider
  A deep elf mage
  3 orc sorcerers
  A manticore
  2 orb spiders
  3 griffons
  2 cyclopes
  7 ugly things
  A hornet
  A moth of wrath (shapeshifter)
  11 elephants
  4 black mambas
  16 spiny frogs
  2 gargoyles
  A kobold demonologist
  3 torpor snails
  2 demonic crawlers
  8 komodo dragons
  An efreet
  2 yaktaurs
  4 fire drakes
  A tengu conjurer
  9 trolls
  A polar bear
  3 jumping spiders
  2 giant leeches
  A queen bee
  14 blink frogs
  12 two-headed ogres Prince Ribbit
  12 slime creatures Sigmund
  A tarantella (shapeshifter)
  3 wyverns
  4 wraiths
  6 tarantellas
  12 redbacks
  A water elemental
  37 yaks
  22 humans
  A golden eye (shapeshifter)
  A hog
  3 basilisks
  14 hippogriffs
  13 vampire mosquitoes
  A wolf (shapeshifter)
  3 hungry ghosts
  2 steam dragons
  22 wolves
  A warg
  2 mottled dragons Edmund
  17 water moccasins
  19 porcupines
  53 orc warriors
  5 sky beasts
  2 eyes of draining
  6 ice beasts
  2 phantoms
  16 ogres
  4 boggarts
  An ogre (shapeshifter)
  23 centaurs
  27 crocodiles
  2 big kobolds
  41 giant frogs
  A scorpion
  A water moccasin skeleton
  32 killer bees
  11 electric eels
  10 wights
  4 crimson imps
  A giant frog zombie
  A quasit
  6 jellies
  6 centaur skeletons
  8 hounds
  44 orc priests
  28 orc wizards Jessica
  6 giant frog skeletons
  13 iguanas
  2 hell rats
  18 worker ants
  23 sheep
  2 hound skeletons
  A hound zombie
  2 worker ant zombies
  13 adders
  55 river rats
  2 shadow imps
  An ooze
  An adder zombie
  3 adder skeletons
  4 worms
  3 giant geckos
  144 orcs
  8 bats
  3 giant cockroaches
  7 goblins
  2 hobgoblins
  18 jackals
  6 quokkas
  4 ball pythons
  A ball python skeleton
  A giant cockroach zombie
  A giant gecko skeleton
  3 giant newts
  A jackal zombie
  15 kobolds
  17 rats
  2 bushes
  11 fungi
  30 plants
1150 creatures vanquished.
